AoeStats
← Infadel

Golden Pit

509206380Analyzed
1v1 RM · 7d ago on Sep 25, 2026· 17m 19s· 2 players
Game mode
Random Map
Map size
Tiny (2 player)
Population
200
Speed
Normal
Resources
Standard
Victory
Conquest
Starting age
Dark Age
Ending age
Imperial Age
RankedLock teamsTeams togetherTeam positionsShared explorationLock speedFull tech treeHidden civsTurbo modeCheats
Victory
Defeat
🇩🇪 Armenians · Germany
1110
+17
🇮🇳 Saracens · India
1134
-17
Ph1l
10:20 Feudal Age
10:20 Man-at-Arms
11:26 Horse Collar
11:41 Double-Bit Axe
12:35 Long Swordsman
13:58 Forging
Infadel
4:14 Loom
5:08 Loom
9:56 Feudal Age
10:35 Double-Bit Axe
Connection lost

Rejoining the realm…

Still unreachable

The connection could not be restored.

Session expired

The server has moved on; the page needs a fresh start.